 Dungeon Crawl Stone Soup version 0.22-a0-469-gf26638a (webtiles) character file.

42 Mamutox the Caller (level 3, 0/19 HPs)
             Began as a Deep Elf Summoner on June 11, 2018.
             Succumbed to an adder's poison
             ... on level 2 of the Dungeon on June 12, 2018.
             The game lasted 00:18:22 (1512 turns).

Mamutox the Caller (Deep Elf Summoner)              Turns: 1512, Time: 00:18:23

Health: 0/19       AC:  2    Str:  5    XL:     3   Next: 35%
Magic:  9/10       EV: 13    Int: 20    God:
Gold:   63         SH:  0    Dex: 15    Spells: 5/9 levels left

rFire    . . .     SeeInvis .   j - +0 spear
rCold    . . .     Gourm    .   (no shield)
rNeg     . . .     Faith    .   a - +0 robe
rPois    .         Spirit   .   (no helmet)
rElec    .         Reflect  .   (no cloak)
rCorr    .         Harm     .   (no gloves)
MR       .....                  (no boots)
Stlth    ++........             (no amulet)
HPRegen  0.06/turn              (no ring)
MPRegen  0.12/turn              (no ring)

@: lethally poisoned (0 -> -8)
A: no striking features
a: no special abilities


You were on level 2 of the Dungeon.
You were hungry.

You visited 1 branch of the dungeon, and saw 2 of its levels.

You collected 63 gold pieces.

Inventory:

Hand Weapons
 d - a +0 mace
 e - a +0 dagger of flaming
 j - a +0 spear (weapon)
Missiles
 b - 105 stones (quivered)
 f - 27 sling bullets
 k - 9 bolts
Armour
 a - a +0 robe (worn)
Scrolls
 g - 2 scrolls of identify {unknown}
Potions
 h - a potion of curing {unknown}
 i - a potion of might {unknown}
 l - a potion of agility {unknown}
Comestibles
 c - 2 rations


   Skills:
 - Level 0.7 Throwing
 + Level 2.8 Dodging
 + Level 2.9 Stealth
 + Level 3.8 Spellcasting
 + Level 4.8 Summonings


You had 5 spell levels left.
You knew the following spells:

 Your Spells              Type           Power        Failure   Level  Hunger
a - Summon Small Mammal   Summ           ###.         1%          1    None
b - Call Canine Familiar  Summ           ###.....     5%          3    ###....

Your spell library contained the following spells:

 Spells                   Type           Power        Failure   Level  Hunger
 Summon Ice Beast         Ice/Summ       ##......     43%         4    ####...
 Call Imp                 Summ           ###.....     2%          2    ##.....
 Summon Lightning Spire   Summ/Air       ##......     43%         4    ####...
 Summon Guardian Golem    Hex/Summ       ##......     14%         3    ###....


Dungeon Overview and Level Annotations

Branches:
Dungeon (2/15)

Altars:
Sif Muna


Message History

The adder bites your quokka.
The jackal bites you but does no damage.
* * * LOW HITPOINT WARNING * * *
You feel sick.
Your bat closely misses the adder.
Your quokka barely misses the adder.
The adder barely misses your quokka.
Your bat closely misses the adder.
Your bat closely misses the adder.
Your quokka closely misses the adder.
The adder bites your quokka.
* * * LOW HITPOINT WARNING * * *
You feel sick.
Your bat hits the adder.
The adder dies!
Your quokka barely misses the jackal.
Your bat hits the jackal but does no damage.
The jackal closely misses your bat.
Your quokka bites the jackal but does no damage.
* * * LOW HITPOINT WARNING * * *
You feel sick.
Your bat closely misses the jackal.
Your quokka barely misses the jackal.
The jackal barely misses you.
Your bat barely misses the jackal.
The jackal closely misses your bat.
You die...

#....................#
#.....†..............#
#......#..r..........#
#......#.............#
#......+....hb.......#
#......#.....††......#
#......#..h..#########
#......#.....########## . .
###.####..@...........####.
....#####.#
#...................
.....hh...#
#...................
..#.#######
#....†..............
#.......)...........
#...................
#......_............
#...................
#..)........#####...


You could see 2 jackals, a friendly quokka and a friendly bat.

Vanquished Creatures
  A goblin (D:1)
  A bat (D:1)
  2 frilled lizards (D:1)
4 creatures vanquished.

Vanquished Creatures (collateral kills)
  3 adders (D:2)
  2 dart slugs (D:1)
  2 bats (D:2)
  A giant cockroach (D:2)
  3 hobgoblins (D:1)
  6 kobolds
  A ball python (D:1)
  4 frilled lizards
  6 goblins (D:1)
  8 rats
36 creatures vanquished.

Grand Total: 40 creatures vanquished

Notes
Turn   | Place    | Note
-------+----------+-------------------------------------------
     0 | D:1      | Mamutox the Deep Elf Summoner began the quest for the Orb.
     0 | D:1      | Reached XP level 1. HP: 10/10 MP: 6/6
   575 | D:1      | Reached XP level 2. HP: 15/15 MP: 6/8
  1352 | D:2      | Found a deep blue altar of Sif Muna.
  1403 | D:2      | Reached XP level 3. HP: 15/19 MP: 6/10
  1438 | D:2      | Learned a level 3 spell: Call Canine Familiar
  1512 | D:2      | Succumbed to an adder's poison

Vault maps used:
D:1:      dpeg_arrival_morbid_curiosity, hangedman_abyss_or_decor_lesser_grid
D:2:      overflow_temple_1_default, lemuel_round_altar,
          nicolae_overflow_crystal_walls, lemuel_coloured_pillars_altar

Action                   || total
-------------------------++-------
Melee: Mace              ||     5
       Dagger            ||     3
       Spear             ||     9
 Cast: Summon Small Mamm ||    76
 Stab: Sleeping          ||     1
  Eat: Chunk             ||     1
Armor: Robe              ||    13
Dodge: Dodged            ||    31

Table legend:
 A = Spawn XP
 B = Non-spawn XP
 C = Spawn XP percentage of total XP
 D = Spawn monster count
 E = Non-spawn monster count
 F = Spawn count percentage of total count
 G = Total turns spent on level
                    A         B        C        D         E        F      G
               +---------+---------+-------+---------+---------+-------+---------
         Total |       0 |      61 |   0.0 |       0 |      40 |   0.0 |  1512
               +---------+---------+-------+---------+---------+-------+---------
           D:1 |       0 |      34 |   0.0 |       0 |      31 |   0.0 |  1305
           D:2 |       0 |      27 |   0.0 |       0 |       9 |   0.0 |   207
               +---------+---------+-------+---------+---------+-------+---------
